 Dungeon Crawl Stone Soup version 0.29-a0-350-g7790a0e70a (webtiles) character file.

Game seed: 13459682249670896764

2914 greenreed the Spear-Bearer (level 9, -2/68 (78) HPs)
             Began as a Minotaur Fighter on Apr 22, 2022.
             Was a Priest of Nemelex Xobeh.
             Slain by a wight
             ... wielding a +5 halberd
              (13 damage)
             ... on level 8 of the Dungeon.
             The game lasted 00:21:02 (8187 turns).

greenreed the Spear-Bearer (Minotaur Fighter)       Turns: 8187, Time: 00:21:10

HP:   -2/68 (78)    AC: 10    Str: 24    XL:     9   Next: 50%
MP:   10/10         EV: 10    Int:  5    God:    Nemelex Xobeh [***...]
Gold: 634           SH:  5    Dex: 11    Spells: 8/8 levels left

rFire   . . .      SeeInvis +   a - +0 trident
rCold   + . .      Faith    +   c - +0 buckler
rNeg    . . .      Spirit   .   b - +0 scale mail
rPois   .          Reflect  .   (helmet restricted)
rElec   +          Harm     .   v - +0 cloak
rCorr   .          Rampage  .   (no gloves)
Will    .....                   G - +0 pair of boots
Stlth   ..........              u - amulet of faith
HPRegen 0.21/turn               p - ring of the Bespelling King {rElec rC+}
MPRegen 0.12/turn               B - ring of see invisible

@: heavily drained
A: horns 2, retaliatory headbutt
a: Renounce Religion, Draw Escape, Draw Destruction, Draw Summoning, Triple Draw


You were on level 8 of the Dungeon.
You worshipped Nemelex Xobeh.
Nemelex Xobeh was most pleased with you.
You visited 2 branches of the dungeon, and saw 9 of its levels.

You collected 634 gold pieces.

Inventory:

Hand Weapons
 a - a +0 trident (weapon)
 q - the +4 dagger "Qoeheheo" {flame, Int+2}
   (You found it on level 3 of the Dungeon)

   It burns those it strikes, dealing additional fire damage.
   Int:       It affects your intelligence (+2).
 O - the +4 dagger "Orb Guardian's Death" {vorpal, SInv}
   (You found it on level 8 of the Dungeon)

   It inflicts extra damage upon your enemies.
   SInv:      It lets you see invisible.
Missiles
 i - 7 poisoned darts (quivered)
 r - 2 throwing nets
 y - 2 atropa-tipped darts
Armour
 b - a +0 scale mail (worn)
 c - a +0 buckler (worn)
 v - a +0 cloak (worn)
 G - a +0 pair of boots (worn)
 L - a scarf of shadows
Jewellery
 p - the ring of the Bespelling King (left hand) {rElec rC+}
   (You found it on level 2 of the Dungeon)

   [ring of protection from cold]

   rC:        It protects you from cold.
   rElec:     It insulates you from electricity.
 u - an amulet of faith (around neck)
 w - an amulet of reflection
 B - a ring of see invisible (right hand)
Wands
 t - a wand of iceblast (21)
 E - a wand of acid (14)
 M - a wand of charming (11)
Scrolls
 d - 2 scrolls of noise {unknown}
 f - 3 scrolls of blinking {unknown}
 h - 3 scrolls of immolation {unknown}
 l - a scroll of amnesia {unknown}
 m - 4 scrolls of identify {unknown}
 o - a scroll of holy word {unknown}
 s - 4 scrolls of teleportation {unknown}
 A - a scroll of enchant armour {unknown}
 D - 3 scrolls of brand weapon {unknown}
 H - a scroll of silence {unknown}
 I - 2 scrolls of fog {unknown}
 J - a scroll of enchant weapon {unknown}
 K - a scroll of fear {unknown}
Potions
 e - 2 potions of heal wounds {unknown}
 g - a potion of cancellation {unknown}
 j - a potion of flight {unknown}
 k - a potion of berserk rage {unknown}
 n - 6 potions of curing {unknown}
 x - a potion of invisibility {unknown}
 z - a potion of resistance {unknown}
 C - 2 potions of ambrosia {unknown}
 F - a potion of lignification {unknown}
 N - a potion of mutation {unknown}


   Skills:
 + Level 6.4 Fighting
 * Level 11.1 Polearms
 + Level 7.6 Armour
 + Level 2.8 Dodging
 + Level 5.6 Shields
 * Level 3.2 Invocations
 + Level 2.0 Evocations


You had 8 spell levels left.
You didn't know any spells.
Your spell library contained the following spells:

 Spells                   Type           Power      Damage    Failure   Level
 Foxfire                  Conj/Fire      0%         2x1d4     83%         1
 Summon Small Mammal      Summ           0%         N/A       83%         1
 Corpse Rot               Necr/Air       0%         N/A       92%         2
 Passwall                 Tmut/Erth      0%         N/A       92%         2
 Poisonous Vapours        Pois/Air       0%         N/A       92%         2
 Call Canine Familiar     Summ           0%         N/A       99%         3
 Conjure Flame            Conj/Fire      0%         6-21      99%         3
 Inner Flame              Hex/Fire       0%         N/A       99%         3
 Summon Guardian Golem    Hex/Summ       0%         N/A       99%         3
 Tukima's Dance           Hex            0%         N/A       99%         3
 Animate Dead             Necr           0%         N/A       100%        4
 Flame Wave               Conj/Fire      0%         2d4       100%        4
 Passage of Golubria      Tloc           0%         N/A       100%        4
 Petrify                  Tmut/Erth      0%         N/A       100%        4
 Borgnjor's Vile Clutch   Necr/Erth      0%         N/A       100%        5
 Fireball                 Conj/Fire      0%         3d3       100%        5
 Iskenderun's Battlesphe  Conj           0%         2d6       100%        5
 Yara's Violent Unravell  Hex/Tmut       0%         3d3       100%        5
 Conjure Ball Lightning   Conj/Air       0%         3x3d6     100%        6
 Death Channel            Necr           0%         N/A       100%        6
 Dispersal                Tloc           0%         N/A       100%        6
 Iron Shot                Conj/Erth      0%         9d1       100%        6
 Orb of Destruction       Conj           0%         9d5       100%        7
 Disjunction              Tloc           0%         N/A       100%        8


Dungeon Overview and Level Annotations

Branches:
Dungeon (8/15)             Temple (1/1) D:7
   Lair: D:8-11

Altars:
Ashenzari
Dithmenos
Elyvilon
Fedhas
Gozag
Kikubaaqudgha
Makhleb
Nemelex Xobeh
Okawaru
Ru
Trog
Uskayaw
Vehumet
Wu Jian
Xom
Zin
The Shining One

Annotations:
D:5 3 runed translucent doors, Foxy's ghost, novice FoFi


Innate Abilities, Weirdness & Mutations

You have a pair of horns on your head.
You reflexively headbutt those who attack you in melee.


Message History

You are too injured to fight recklessly!
You are too injured to fight recklessly!
You draw a card...
You have drawn the Orb.
Press: ? - help, Shift-Dir - straight line, f - yak
Aim: a yak Your orb of destruction hits a rock wall. x3
The wight barely misses you. You block the wight's attack.
The wight attacks as you move away! The wight hits you but does no damage.
A wight comes into view. It is wielding a +3 short sword.
You draw a card...
You have drawn Pain.
Press: ? - help, Shift-Dir - straight line, f/p - yak
Aim: a yak The wight is unaffected.
The wight hits you with a +4 great sword of freezing!
* * * LOW HITPOINT WARNING * * *
You feel drained.
* * * LOW HITPOINT WARNING * * *
The wight freezes you.
* * * LOW HITPOINT WARNING * * *
A wight comes into view. It is wielding a +3 scimitar.
The wight hits you but does no damage.
You draw a card...
You have drawn Pain.
Press: ? - help, Shift-Dir - straight line, f/p - yak
Aim: a yak The wight is unaffected.
The wight hits you with a +4 great sword of freezing.
* * * LOW HITPOINT WARNING * * *
You feel drained. The wight freezes you.
* * * LOW HITPOINT WARNING * * *
The wight hits you but does no damage.
You draw a card...
You have drawn the Elements.
The wight hits you with a +4 great sword of freezing.
* * * LOW HITPOINT WARNING * * *
You feel drained.
The wight hits you from afar with a +5 halberd!
You die...
Your body glows with a rainbow of weird colours and disappears.

#..#
##...zz)>......
####
#.............. ###
#..............
##.#
###?..).........
##..#
#zz.............
##...#
#Y###...........
#######....# #z#
##..........
..#...#....######z#
##.........
#...#.#.......hv@Y#
#..<.....
.###..#....########
.#.....
.#.#.##.#### .##...
.'##..#.# #.
#...#.#.#
#.....#.#######
#.............#
#)............#
#...#.........#


You could see a yak, 4 wights, a friendly raiju (summoned), a friendly fire
vortex (summoned) and a friendly ice beast (summoned).

Vanquished Creatures
  Sigmund (D:3)
  A yak (D:8)
  3 steam dragons
  3 water moccasins
  An ice beast (D:6)
  An orc warrior (D:7)
  2 black bears
  A wolf (D:6)
  A sky beast (D:6)
  A necrophage (D:6)
  A bullfrog (D:8)
  2 scorpions
  12 wights
  3 howler monkeys
  3 jellies
  A hound (D:6)
  3 iguanas
  5 orc wizards
  3 gnolls (D:3)
  7 adders
  2 shadow imps
  A worm (D:2)
  2 dart slugs
  16 orcs
  A bat (D:3)
  5 endoplasms
  7 giant cockroaches
  5 goblins
  7 hobgoblins
  3 jackals (D:2)
  7 quokkas
  8 ball pythons
  2 frilled lizards
  4 kobolds
  4 rats
129 creatures vanquished.

Vanquished Creatures (others)
  A ball python (D:6)
1 creature vanquished.

Grand Total: 130 creatures vanquished

Notes
Turn   | Place    | Note
-------+----------+-------------------------------------------
     0 | D:1      | greenreed the Minotaur Fighter began the quest for the Orb.
     0 | D:1      | Reached XP level 1. HP: 19/19 MP: 0/0
   119 | D:1      | Reached XP level 2. HP: 27/27 MP: 1/1
   379 | D:1      | Found a faded altar of an unknown god.
   833 | D:2      | Reached skill level 3 in Polearms
   833 | D:2      | Reached XP level 3. HP: 33/33 MP: 2/2
  1271 | D:2      | Identified the ring of the Bespelling King {rElec rC+}
  1623 | D:3      | Identified the +4 dagger "Qoeheheo" {flame, Int+2}
  1659 | D:3      | Noticed Sigmund
  1673 | D:3      | Killed Sigmund
  1674 | D:3      | Reached skill level 5 in Polearms
  1674 | D:3      | Reached XP level 4. HP: 22/41 MP: 3/3
  1674 | D:3      | Reached XP level 5. HP: 25/47 MP: 4/4
  1944 | D:3      | Reached XP level 6. HP: 40/53 MP: 5/5
  2063 | D:3      | Found an ancient bone altar of Kikubaaqudgha.
  2388 | D:3      | Reached skill level 6 in Polearms
  2388 | D:3      | Reached skill level 1 in Dodging
  2594 | D:3      | Found a sparkling altar of Nemelex Xobeh.
  2626 | D:3      | Became a worshipper of Nemelex Xobeh the Trickster
  2809 | D:3      | Found an opulent altar of Gozag.
  2987 | D:4      | Reached skill level 5 in Armour
  3184 | D:4      | Found a sacrificial altar of Ru.
  3186 | D:4      | Reached * piety under Nemelex Xobeh
  3261 | D:4      | Reached XP level 7. HP: 50/60 MP: 6/6
  3616 | D:5      | Entered Level 5 of the Dungeon
  3640 | D:5      | Found a runed translucent gate.
  3640 | D:5      | Found a runed translucent gate.
  3640 | D:5      | Found a runed translucent gate.
  3657 | D:5      | Received a gift from Nemelex Xobeh
  3755 | D:5      | Reached skill level 7 in Polearms
  3765 | D:5      | Reached skill level 1 in Evocations
  4081 | D:5      | Noticed Foxy's ghost (novice FoFi)
  4129 | D:5      | Reached ** piety under Nemelex Xobeh
  4394 | D:6      | Noticed a steam dragon
  4396 | D:6      | Killed a steam dragon
  4397 | D:6      | Reached skill level 5 in Fighting
  4490 | D:6      | Noticed a steam dragon
  4493 | D:6      | a steam dragon changed into a wolf
  4498 | D:6      | Reached skill level 8 in Polearms
  4525 | D:6      | Reached XP level 8. HP: 58/68 MP: 7/7
  5211 | D:6      | Reached skill level 1 in Invocations
  5589 | D:7      | Reached skill level 9 in Polearms
  5609 | D:6      | Reached skill level 5 in Shields
  6306 | D:7      | Received a gift from Nemelex Xobeh
  6349 | D:7      | Reached *** piety under Nemelex Xobeh
  6363 | D:7      | Found a shadowy altar of Dithmenos.
  6384 | D:7      | Found a staircase to the Ecumenical Temple.
  6394 | Temple   | Entered the Ecumenical Temple
  6788 | D:7      | Found a shimmering altar of Xom.
  6788 | D:7      | Found a broken altar of Ashenzari.
  6884 | D:7      | Noticed Joseph
  6885 | D:7      | Noticed Joseph
  6885 | D:7      | Joseph changed into Joseph the black bear
  6893 | D:7      | Killed Joseph the black bear
  6894 | D:7      | Reached skill level 10 in Polearms
  6894 | D:7      | Reached XP level 9. HP: 68/75 MP: 9/9
  7786 | D:8      | Received a gift from Nemelex Xobeh
  7858 | D:8      | Got the Disquisition on the Mountains
  7913 | D:8      | Identified the +4 dagger "Orb Guardian's Death" {vorpal,
                  | SInv}
  8182 | D:8      | Reached skill level 11 in Polearms
  8187 | D:8      | Slain by a wight

Illustrated notes

Levels and vault maps discovered:
D:1:      dpeg_arrival_pond, layout_basic, shapermc_ecumenical_altar_petra
D:2:      layout_loops_ring
D:3:      layout_basic, lemuel_tele_altar, lemuel_doored_altar,
          kiku_gazebo_pond_becter, grunt_decor_fettered, uniq_sigmund
D:4:      layout_cave_pools, nicolae_ru_sacrificial_ziggurat,
          chequers_serial_rivers_micro_b, kennysheep_dice
D:5:      layout_gridville, gammafunk_ghost_icy, minmay_misc_feat_doors,
          minmay_misc_feat_diagonals, kennysheep_pointless_box
D:6:      layout_basic, nicolae_zen_rock_garden, minmay_diced_spiral
D:7:      layout_loops_ring, gammafunk_temple_overflow_statue,
          mainiacjoe_overflow_surrounded_room, minmay_temple_entry_wispy,
          uniq_joseph
D:8:      layout_basic, mainiacjoe_overflow_brackets, gammafunk_ghost_ooze,
          minmay_fractal_squares_diagonal_5, uniq_pikel
Temple:   cyrus_temple_forest

Skill      XL: |  1  2  3  4  5  6  7  8  9 |
---------------+----------------------------+-----
Shields        | 4 5 |  5.6
Fighting       | 4 5 6 |  6.4
Polearms       | 3 5 6 8 10 11 | 11.1
Armour         | 4 5 6 7 |  7.6
Dodging        | 1 2 |  2.8
Evocations     | 1 2 |  2.0
Invocations    | 2 3 |  3.2

Action                   |  1- 3 |  4- 6 |  7- 9 || total
-------------------------+-------+-------+-------++-------
Melee: Trident           |    91 |   123 |   243 ||   457
       Headbutt          |     9 |    18 |    45 ||    72
Throw: Dart              |       |     1 |       ||     1
Invok: Draw Destruction  |       |       |     8 ||     8
       Draw Summoning    |       |       |     1 ||     1
Evoke: Wand              |       |       |     2 ||     2
  Use: Potion            |     1 |       |       ||     1
Armor: Scale mail        |    27 |    30 |    88 ||   145
Dodge: Dodged            |    20 |    39 |    74 ||   133
Block: Buckler           |     8 |    22 |    46 ||    76

Table legend: (Time is in decaauts)
 A = Elapsed time spent in this place.
 B = Non-inter-level travel time spent in this place.
 C = Inter-level travel time spent in this place.
 D = Time resting spent in this place.
 E = Time spent auto-exploring this place.
 F = Levels seen in this place.
 G = Mean time per level.
                   A        B        C        D        E       F      G
               +--------+--------+--------+--------+--------+-----+--------+
         Total |   8189 |   7943 |    246 |    757 |   6109 |   9 |  909.9 |
       Dungeon |   8108 |   7884 |    224 |    757 |   6057 |   8 | 1013.5 |
        Temple |     81 |     59 |     22 |      0 |     52 |   1 |   81.0 |
               +--------+--------+--------+--------+--------+-----+--------+

Top non-repeatable levels by time:
     D:7: 1772 daAuts
     D:6: 1500 daAuts
     D:3: 1329 daAuts
     D:2: 901 daAuts
     D:5: 762 daAuts
     D:4: 712 daAuts
     D:1: 695 daAuts
     D:8: 433 daAuts
  Temple: 81 daAuts
